 Dungeon Crawl Stone Soup version 0.29.1-2-gbd0b4ee654 (webtiles) character file.

Game seed: 17448172536376831417

65 qeuew the Shooter (level 3, -1/18 HPs)
             Began as a Spriggan Hunter on Nov 2, 2022.
             Killed from afar by Blork the orc (9 damage)
             ... with a puff of flame
             ... on level 4 of the Dungeon.
             The game lasted 00:05:20 (1130 turns).

qeuew the Shooter (Spriggan Hunter)                 Turns: 1130, Time: 00:05:21

Health: -1/18      AC:  2    Str:  7    XL:     3   Next: 92%
Magic:  4/4        EV: 18    Int: 10    God:
Gold:   59         SH:  0    Dex: 20    Spells: 2/2 levels left

rFire   . . .      SeeInvis +   i - +0 arbalest
rCold   . . .      Faith    .   (shield currently unavailable)
rNeg    . . .      Spirit   .   c - +0 robe
rPois   .          Reflect  .   (helmet restricted)
rElec   .          Harm     .   (no cloak)
rCorr   .          Rampage  .   (gloves unavailable)
Will    .....                   (boots unavailable)
Stlth   +++.......              (no amulet)
HPRegen 0.06/turn               (no ring)
MPRegen 0.09/turn               (no ring)

@: very quick
A: very small, no large weapons, unfitting armour, see invisible, speed 3
a: no special abilities


You were on level 4 of the Dungeon.
You visited 1 branch of the dungeon, and saw 3 of its levels.

You collected 59 gold pieces.

Inventory:

Hand Weapons
 d - a +0 dagger
 i - a +0 arbalest (weapon)
Armour
 c - a +0 robe (worn)
Scrolls
 b - a scroll of immolation
 g - a scroll of poison {unknown}
Potions
 e - a potion of curing {unknown}
 f - a potion of berserk rage
 h - a potion of cancellation {unknown}


   Skills:
 + Level 2.0 Fighting
 + Level 1.0 Short Blades
 * Level 4.7 Ranged Weapons
 + Level 3.3 Dodging
 + Level 2.7 Stealth


You had 2 spell levels left.
You didn't know any spells.
Your spell library was empty.

Dungeon Overview and Level Annotations

Branches:
Dungeon (2/15)

Altars:

Annotations:
D:2 1 runed translucent door, Crazy Yiuf
D:4 Blork the orc


Innate Abilities, Weirdness & Mutations

You are very small and have problems with some larger weapons.
You are too small for most types of armour.
You have supernaturally acute eyesight. (SInv)
You cover ground extremely quickly. (Speed+++)


Message History

Your Short Blades skill increases to level 1!
You shoot a bolt. The bolt hits the endoplasm!!
You kill the endoplasm!
No target in view!
You see here a staff of earth.
You now have 50 gold pieces (gained 5).
Found a hammer.
Found a runed translucent door.
You open the door.
There is an open door here.
You open the door.
There is an open door here.
You now have 59 gold pieces (gained 9).
You open the door.
There is an open door here.
A sourceless malevolence fills the Dungeon...
You fall into a shaft and drop 2 floors!
The shaft crumbles and collapses.
A giant cockroach comes into view.
You shoot a bolt. The bolt hits the giant cockroach!!
You kill the giant cockroach!
Your Fighting skill increases to level 2!
No target in view!
Blork the orc comes into view.
He is wielding a +0 battleaxe of electrocution.
You shoot a bolt. The bolt hits Blork the orc!
Blork the orc shouts!
Blork the orc is heavily wounded.
Blork the orc completely misses you.
You shoot a bolt. The bolt barely misses Blork the orc.
Blork the orc screams, "I'll rip your head off!"
Blork the orc points at you and mumbles some strange words.
The magic dart hits you!
Ouch! That really hurt!
You are too injured to fight recklessly!
You are too injured to fight recklessly!
You are too injured to fight recklessly!
You are too injured to fight recklessly!
Blork the orc points at you and mumbles some strange words.
The puff of flame hits you!
Ouch! That really hurt!
You die...

#.#
#.#
#.#
#.#
#.#
#.#
#.#
####.#
#@...#
#.####
#.#
#.#
#.#
#o#
#.#
#.#
#.#


You could see Blork the orc.

Vanquished Creatures
  Robin (D:2)
  2 adders (D:2)
  3 bats
  3 endoplasms
  2 giant cockroaches
  13 goblins
  A hobgoblin (D:2)
  2 jackals
  A quokka (D:1)
  A ball python (D:1)
  2 kobolds (D:1)
  3 rats
34 creatures vanquished.

Notes
Turn   | Place    | Note
-------+----------+-------------------------------------------
     0 | D:1      | qeuew the Spriggan Hunter began the quest for the Orb.
     0 | D:1      | Reached XP level 1. HP: 10/10 MP: 2/2
   251 | D:1      | Reached XP level 2. HP: 14/14 MP: 3/3
   431 | D:1      | Found a faded altar of an unknown god.
   902 | D:2      | Reached XP level 3. HP: 15/18 MP: 4/4
   911 | D:2      | Noticed Robin
   916 | D:2      | Killed Robin
  1045 | D:2      | Reached skill level 1 in Short Blades
  1069 | D:2      | Found a runed translucent door.
  1070 | D:2      | Noticed Crazy Yiuf
  1103 | D:2      | You fall into a shaft and drop 2 floors!
  1119 | D:4      | Noticed Blork the orc
  1130 | D:4      | Killed from afar by Blork the orc

Illustrated notes

Levels and vault maps discovered:
D:1:      lightli_arrival_farm, layout_basic, basic_ecumenical_altar
D:2:      layout_basic, serial_shops, nicolae_lakefront_shop, st_stairs_14,
          uniq_robin, uniq_sigmund, uniq_crazy_yiuf_cottage
D:4:      layout_basic, lemuel_doored_altar, minmay_distorted,
          uniq_blork_the_orc

Skill      XL: |  1  2  3 |
---------------+----------+-----
Stealth        | 2 |  2.7
Dodging        | 3 |  3.3
Short Blades   | 1 |  1.0
Fighting       | 2 |  2.0
Ranged Weapons | |  4.7

Action                   || total
-------------------------++-------
 Fire: Shortbow          ||    64
       Arbalest          ||    11
  Use: Scroll            ||     2
       Potion            ||     1
Armor: Robe              ||     3
Dodge: Dodged            ||    19
